 Dungeon Crawl Stone Soup version 0.20.1-1-g8b1a95d (webtiles) character file.

30 SrHikikomori the Stinger (level 3, 0/19 HPs)
             Began as a Tengu Venom Mage on July 22, 2017.
             Succumbed to an adder's poison
             ... on level 2 of the Dungeon.
             The game lasted 00:12:03 (1189 turns).

SrHikikomori the Stinger (Tengu Venom Mage)         Turns: 1189, Time: 00:12:03

Health: 0/19       AC:  2    Str:  8    XL:     3   Next: 18%
Magic:  1/7        EV: 13    Int: 16    God:
Gold:   57         SH:  0    Dex: 14    Spells: 5/6 levels left

rFire    . . .     SeeInvis .   l - +0 hunting sling
rCold    . . .     Gourm    .   (no shield)
rNeg     . . .     Faith    .   o - +0 robe
rPois    .         Spirit   .   (helmet restricted)
rElec    .         Reflect  .   (no cloak)
rCorr    .         Harm     .   (no gloves)
MR       .....                  (boots unavailable)
Stlth    ++........             (no amulet)
Regen    0.1/turn               (no ring)
MPRegen  0.1/turn               (no ring)

@: lethally poisoned (0 -> -6)
A: beak, talons 3
a: no special abilities


You were on level 2 of the Dungeon.
You were very hungry.

You visited 1 branch of the dungeon, and saw 2 of its levels.

You collected 57 gold pieces.

Inventory:

Hand Weapons
 e - a +0 dagger
 l - a +0 hunting sling (weapon)
Missiles
 m - 42 stones (quivered)
Armour
 o - a +0 robe (worn)
Scrolls
 a - a scroll of magic mapping
 d - 2 scrolls of teleportation {unknown}
 h - a scroll of fear
Potions
 f - a potion of might {unknown}
 g - 2 potions of degeneration
 k - 2 potions of ambrosia {unknown}
 n - a potion of curing {unknown}
Books
 b - a Young Poisoner's Handbook

   Spells                             Type                      Level
   a - Sting                          Conjuration/Poison           1
   b - Poisonous Vapours              Poison/Air                   2
   c - Mephitic Cloud                 Conjuration/Poison/Air       3
   d - Olgreb's Toxic Radiance        Poison                       4
   e - Venom Bolt                     Conjuration/Poison           5
Comestibles
 c - 2 bread rations
 i - 2 royal jellies
 j - a meat ration


   Skills:
 + Level 0.2 Fighting
 + Level 0.2 Slings
 + Level 2.5 Dodging
 + Level 2.0 Stealth
 + Level 2.2 Spellcasting
 + Level 1.5 Conjurations
 + Level 3.6 Poison Magic


You had 5 spell levels left.
You knew the following spells:

 Your Spells              Type           Power        Failure   Level  Hunger
a - Sting                 Conj/Pois      ##..         7%          1    #......


Dungeon Overview and Level Annotations

Branches:
Dungeon (2/15)

Altars:


Innate Abilities, Weirdness & Mutations

You have a beak for a mouth.
You have claws for feet.


Message History

The sting hits the adder.
The adder is moderately wounded.
* * * LOW HITPOINT WARNING * * *
You feel sick. The adder misses you.
Casting: Sting
Confirm with . or Enter, or press ? or * to list all spells.
Aiming: Sting
Press: ? - help, Shift-Dir - straight line, f/p - adder
Aim: an adder (moderately wounded)
The sting hits the adder.
The adder is poisoned.
The adder is severely wounded.
The adder bites you but does no damage.
Casting: Sting
Confirm with . or Enter, or press ? or * to list all spells.
Aiming: Sting
Press: ? - help, Shift-Dir - straight line, f/p - adder
Aim: an adder (severely wounded, poisoned)
The sting hits the adder.
The adder looks even sicker.
The adder is almost dead.
You die...

##########....†. ........#
#.......##...... ........#
#..........###.. ........#
#..........# #.. ....?.l.#
#..........# #.. .......g#
###........# #.. ........#
#........###.(
........#######........#....
......(.lgS@...†...........>
........#######........#.#..
........# #........#.#..
######### #...####.#.#..
#...#......#..
#...#......#..
#####......#.. #........#
#........#


You could see an adder, a hobgoblin and a frilled lizard.

Vanquished Creatures
  A dart slug (D:2)
  A leopard gecko (D:2)
  4 bats
  3 giant cockroaches (D:1)
  A hobgoblin (D:1)
  4 kobolds
  A frilled lizard (D:2)
  6 goblins
  5 rats
26 creatures vanquished.

Notes
Turn   | Place    | Note
-------+----------+-------------------------------------------
     0 | D:1      | SrHikikomori the Tengu Venom Mage began the quest for the Orb.
     0 | D:1      | Reached XP level 1. HP: 10/10 MP: 4/4
   214 | D:1      | Reached XP level 2. HP: 9/15 MP: 4/6
   958 | D:2      | Reached XP level 3. HP: 19/19 MP: 5/7
  1004 | D:2      | Found a faded altar of an unknown god.
  1189 | D:2      | Succumbed to an adder's poison

Action                   || total
-------------------------++-------
Melee: Dagger            ||    38
       Peck              ||     7
       Kick              ||     7
 Fire: Hunting sling     ||     7
 Cast: Sting             ||    33
  Use: Scroll            ||     3
Armor: Robe              ||    16
Dodge: Dodged            ||    40
